 Dungeon Crawl Stone Soup version 0.29.1-1-gd02db6906a (webtiles) character file.

Game seed: 8804991659105726080

133 xian the Chopper (level 5, -3/45 HPs)
             Began as a Hill Orc Gladiator on Sept 22, 2022.
             Slain by Natasha (4 damage)
             ... on level 3 of the Dungeon.
             The game lasted 00:06:47 (3606 turns).

xian the Chopper (Hill Orc Gladiator)               Turns: 3606, Time: 00:06:48

Health: -3/45      AC:  5    Str: 19    XL:     5   Next: 16%
Magic:  5/5        EV: 12    Int:  8    God:
Gold:   130        SH:  0    Dex: 12    Spells: 4/4 levels left

rFire   . . .      SeeInvis .   h - +2 short sword (elec)
rCold   . . .      Faith    .   (no shield)
rNeg    . . .      Spirit   .   b - +0 leather armour
rPois   .          Reflect  .   c - +0 helmet
rElec   .          Harm     .   o - +0 cloak
rCorr   .          Rampage  .   (no gloves)
Will    .....                   (no boots)
Stlth   +.........              w - amulet of magic regeneration
HPRegen 0.15/turn               (no ring)
MPRegen 0.49/turn               (no ring)

@: slowed, very slow
A: no striking features
a: no special abilities


You were on level 3 of the Dungeon.
You visited 1 branch of the dungeon, and saw 4 of its levels.

You collected 130 gold pieces.

Inventory:

Hand Weapons
 a - a +0 war axe
 h - a +2 short sword of electrocution (weapon)
Missiles
 d - 3 throwing nets
 e - a javelin
 r - 8 boomerangs (quivered)
 v - 4 poisoned darts
Armour
 b - a +0 leather armour (worn)
 c - a +0 helmet (worn)
 o - a +0 cloak (worn)
 s - a +0 helmet
Magical Staves
 k - a staff of poison
Jewellery
 w - an amulet of magic regeneration (around neck)
Scrolls
 f - a scroll of vulnerability {unknown}
 g - a scroll of amnesia
 n - 3 scrolls of teleportation
 p - a scroll of poison
 u - a scroll of enchant weapon
 y - a scroll of summoning {unknown}
Potions
 j - a potion of heal wounds {unknown}
 l - a potion of berserk rage {unknown}
 m - a potion of curing
 q - a potion of resistance {unknown}
 t - a potion of lignification {unknown}
 x - a potion of haste {unknown}


   Skills:
 + Level 3.0 Fighting
 + Level 1.9 Short Blades
 + Level 4.9 Axes
 + Level 1.9 Throwing
 + Level 1.6 Armour
 + Level 3.1 Dodging
 + Level 0.7 Stealth


You had 4 spell levels left.
You didn't know any spells.
Your spell library contained the following spells:

 Spells                   Type           Power      Damage    Failure   Level
 Necrotise                Necr           0%         1d4       45%         1
 Summon Small Mammal      Summ           0%         N/A       45%         1
 Blink                    Tloc           0%         N/A       61%         2
 Sublimation of Blood     Necr           0%         N/A       61%         2
 Wereblood                Tmut           0%         N/A       61%         2
 Call Canine Familiar     Summ           0%         N/A       83%         3
 Stone Arrow              Conj/Erth      0%         3d7       83%         3
 Summon Guardian Golem    Hex/Summ       0%         N/A       83%         3
 Vampiric Draining        Necr           0%         2d6       83%         3
 Animate Armour           Summ/Erth      0%         N/A       99%         4
 Agony                    Necr           0%         N/A       100%        5
 Manifold Assault         Tloc           0%         N/A       100%        5
 Storm Form               Tmut/Air       0%         N/A       100%        7
 Summon Hydra             Summ           0%         N/A       100%        7
 Lehudib's Crystal Spear  Conj/Erth      0%         10d2      100%        8


Dungeon Overview and Level Annotations

Branches:
Dungeon (4/15)
 Temple: D:4-7

Altars:
Cheibriados

Shops:
D:1 *   D:2 [

Annotations:
D:3 Natasha


Message History

Okay, then.
Okay, then.
You feel better. Natasha closely misses you.
You completely miss Natasha.
Natasha casts a spell.
You hit Natasha. Lightning courses through Natasha!
You kill Natasha!
Natasha yowls pathetically as she dies!
The white imp disappears in a puff of smoke!
Your Fighting skill increases to level 3!
You have reached level 5!
You feel stronger.
There is a stone staircase leading down here.
You start resting.
Natasha, Servant of Life and Death comes into view.
Natasha casts a spell at you.
You feel yourself slow down. Natasha barely misses you.
You hit Natasha.
Natasha is lightly wounded.
Natasha claws you. Natasha closely misses you.
You closely miss Natasha.
Natasha is lightly wounded.
Natasha claws you but does no damage.
You closely miss Natasha.
Natasha is lightly wounded.
Natasha claws you. Natasha barely misses you.
You hit Natasha. Lightning courses through Natasha!
Natasha is almost dead.
Natasha stares at you and mumbles some strange words.
The magic dart hits you.
* * * LOW HITPOINT WARNING * * *
You closely miss Natasha.
Natasha is almost dead.
Natasha drinks a potion.
Natasha is healed!
Natasha claws you!
* * * LOW HITPOINT WARNING * * *
You closely miss Natasha.
Natasha is moderately wounded.
Natasha claws you.
You die...

#.# #.# ##..#######.# #. #.#
#.#####.........# #. #.#
#.......######### #. #.#
####.#.## #. #.# #.#.# #. #.#
#†#.# #. #.# #>#.# #. #.#
#####.#.######## #. #.#
#.....@........# #. #.#
#.###>#h######.#######. #.# #.#
#.#.# #.........
#.#######.###.#.###############
#...........................# #
##########.......##########.# #
#.......##########.###
#.....................
#.......##############


You could see Natasha.

Vanquished Creatures
  Natasha (twice) (D:4 D:3)
  3 adders
  2 worms (D:2)
  2 dart slugs
  4 ball pythons
  5 endoplasms
  7 giant cockroaches
  4 goblins
  3 hobgoblins
  4 quokkas
  5 bats
  4 frilled lizards
  3 kobolds
  2 rats (D:1)
50 creatures vanquished.

Notes
Turn   | Place    | Note
-------+----------+-------------------------------------------
     0 | D:1      | xian the Hill Orc Gladiator began the quest for the Orb.
     0 | D:1      | Reached XP level 1. HP: 18/18 MP: 1/1
   317 | D:1      | Reached XP level 2. HP: 25/25 MP: 2/2
   891 | D:1      | Found Xeaf's Assorted Antiques.
  1056 | D:2      | Reached XP level 3. HP: 23/30 MP: 3/3
  1459 | D:2      | Found Eriruce's Armour Emporium.
  1700 | D:2      | Found a snail-covered altar of Cheibriados.
  2297 | D:3      | Reached XP level 4. HP: 33/37 MP: 4/4
  2333 | D:3      | Reached skill level 1 in Short Blades
  2502 | D:3      | Reached skill level 1 in Armour
  3313 | D:4      | Noticed Natasha
  3339 | D:4      | Killed Natasha
  3539 | D:4      | Noticed an ice beast
  3557 | D:4      | Noticed Natasha
  3565 | D:3      | Killed Natasha
  3566 | D:3      | Reached XP level 5. HP: 16/45 MP: 5/5
  3598 | D:3      | Noticed Natasha
  3605 | D:3      | HP: 1/45 [Natasha (8)]
  3606 | D:3      | Slain by Natasha

Illustrated notes

Levels and vault maps discovered:
D:1:      amcnicky_arrival_underground_garden, layout_basic, serial_shops,
          nicolae_shop_hallway_plus, minmay_misc_feat_diagonals, st_stairs_10
D:2:      layout_basic, basic_altar, serial_shops, shop,
          kennysheep_generic_room_15
D:3:      layout_loops_ring
D:4:      layout_rooms, minmay_misc_feat_enclosed, sigmund_edmund_badplayer,
          uniq_natasha

Skill      XL: |  1  2  3  4 |
---------------+-------------+-----
Dodging        | 3 |  3.1
Short Blades   | 1 |  1.9
Armour         | 1 |  1.6
Fighting       | 3 |  3.0
Axes           | |  4.9
Throwing       | |  1.9
Stealth        | |  0.7

Action                   |  1- 3 |  4- 6 || total
-------------------------+-------+-------++-------
Melee: Short sword       |    84 |    78 ||   162
       War axe           |     4 |       ||     4
       Punch             |     1 |       ||     1
  Use: Scroll            |     4 |     3 ||     7
       Potion            |       |     2 ||     2
 Stab: Sleeping          |       |     1 ||     1
Armor: Leather armour    |    24 |    23 ||    47
Dodge: Dodged            |    61 |    80 ||   141
